TOP OF THE 1ST |
---|
Xavier Musketeers batting - Pitching for Oregon Ducks : RHP Sergio López | Pitching: RHP Sergio López | | Batting: RHB Dillon Farley | 0-0: Called Strike 0-1: Ball 1-1: Foul Ball, location: 2F 1-2: Foul Ball, location: 2F 1-2: SINGLE (Groundball, 56D) | Batting: LHB Bobby Ryan | 0-0: Swinging Strike 0-1: Swinging Strike 0-2: Foul Ball, location: 2F 0-2: Foul Ball, location: 2F 0-2: Foul Ball, location: 2F 0-2: Strikes out looking | Batting: SHB Orlando Lópes | 0-0: Ball 1-0: Ball 2-0: Hit by Pitch Dillon Farley to second | Batting: RHB Edmund Kline | 0-0: Ball 1-0: Called Strike 1-1: Swinging Strike 1-2: Foul Ball, location: 2F 1-2: Ball 2-2: Foul Ball, location: 2F 2-2: Ball 3-2: SINGLE (Groundball, 56D) Dillon Farley to third Orlando Lópes to second | Batting: RHB Floyd Reynolds | 0-0: Called Strike 0-1: Fly out, F8 (Flyball, 8RS) Runner from 3rd tags up, SCORES, no throw | Batting: LHB Jorge González | 0-0: Ball 1-0: Swinging Strike 1-1: Foul Ball, location: 2F 1-2: Strikes out swinging | Top of the 1st over - 1 run, 2 hits, 0 errors, 2 left on base; Xavier 1 - Oregon 0 | BOTTOM OF THE 1ST |
---|
Oregon Ducks batting - Pitching for Xavier Musketeers : LHP Doug Davis | Pitching: LHP Doug Davis | | Batting: RHB Robin Mitchell | 0-0: Ball 1-0: Foul Ball, location: 2F 1-1: Ball 2-1: Bunt missed! 2-2: Ball 3-2: DOUBLE (Flyball, 89D) | Batting: RHB Jason Wheeler | 0-0: Ball 1-0: Ball 2-0: Ground out 5-3 (Groundball, 56) | Batting: SHB Martin Goodwin | 0-0: Called Strike 0-1: Ball 1-1: Ball 2-1: Ground out U3 (Groundball, 3S) Robin Mitchell to third | Batting: RHB Ed Hines | 0-0: Ball 1-0: Called Strike 1-1: Foul Ball, location: 2F 1-2: Fly out, F8 (Line Drive, 8RD) | Bottom of the 1st over - 0 runs, 1 hit, 0 errors, 1 left on base; Xavier 1 - Oregon 0 | TOP OF THE 2ND |
---|
Xavier Musketeers batting - Pitching for Oregon Ducks : RHP Sergio López | Batting: LHB Duncan Sharp | 0-0: Ball 1-0: Ball 2-0: Ball 3-0: Called Strike 3-1: Foul Ball, location: 2F 3-2: Foul Ball, location: 2F 3-2: Strikes out swinging | Batting: RHB Curt Lloyd | 0-0: Called Strike 0-1: Foul Ball, location: 2F 0-2: Ball 1-2: SINGLE (Line Drive, 6D) | Batting: LHB Johnny Beach | 0-0: Foul Ball, location: 2F 0-1: Ball 1-1: Foul Ball, location: 2F 1-2: Strikes out swinging | Batting: RHB Dillon Farley | 0-0: Called Strike 0-1: Ball 1-1: Ball 2-1: Hit by Pitch Curt Lloyd to second | Batting: LHB Bobby Ryan | 0-0: Called Strike 0-1: Fielders Choice at 2nd, 6-4 (Groundball, 6) | Top of the 2nd over - 0 runs, 1 hit, 0 errors, 2 left on base; Xavier 1 - Oregon 0 | BOTTOM OF THE 2ND |
---|
Oregon Ducks batting - Pitching for Xavier Musketeers : LHP Doug Davis | Batting: RHB Greg Huggins | 0-0: Fly out, F9 (Flyball, 89D) | Batting: RHB Tim Smith | 0-0: Ball 1-0: Ball 2-0: Called Strike 2-1: Ground out 6-3 (Groundball, 6) | Batting: LHB Kay Hennessey | 0-0: Ball 1-0: Ball 2-0: Called Strike 2-1: Ball 3-1: Reached on error, E4 (Groundball, 4M) | Batting: LHB Jerry López | 0-0: Ball 1-0: Ball 2-0: Called Strike 2-1: Foul Ball, location: 2F 2-2: Foul Ball, location: 2F 2-2: Foul Ball, location: 2F 2-2: 2-RUN HOME RUN (Flyball, 9LD), Distance : 315 ft | Batting: RHB Floyd Turner | 0-0: Ball 1-0: Fly out, F7 (Flyball, 7S) | Bottom of the 2nd over - 2 runs, 1 hit, 1 error, 0 left on base; Xavier 1 - Oregon 2 | TOP OF THE 3RD |
---|
Xavier Musketeers batting - Pitching for Oregon Ducks : RHP Sergio López | Batting: SHB Orlando Lópes | 0-0: Called Strike 0-1: Foul Ball, location: 2F 0-2: Strikes out swinging | Pitching: RHP Wally O'Dowling | | Batting: RHB Edmund Kline | 0-0: Ball 1-0: Called Strike 1-1: Fly out, F7 (Line Drive, 78D) | Batting: RHB Floyd Reynolds | 0-0: Called Strike 0-1: Foul Ball, location: 2F 0-2: Foul Ball, location: 2F 0-2: Strikes out swinging | Top of the 3rd over - 0 runs, 0 hits, 0 errors, 0 left on base; Xavier 1 - Oregon 2 | BOTTOM OF THE 3RD |
---|
Oregon Ducks batting - Pitching for Xavier Musketeers : LHP Doug Davis | Batting: RHB Robin Mitchell | 0-0: Ball 1-0: Called Strike 1-1: Foul Ball, location: 2F 1-2: Fly out, F8 (Line Drive, 8RXD) | Batting: RHB Jason Wheeler | 0-0: Ball 1-0: Foul Ball, location: 2F 1-1: Fly out, F8 (Flyball, 8LD) | Batting: SHB Martin Goodwin | 0-0: Called Strike 0-1: Foul Ball, location: 2F 0-2: Ground out 5-3 (Groundball, 5) | Bottom of the 3rd over - 0 runs, 0 hits, 0 errors, 0 left on base; Xavier 1 - Oregon 2 | TOP OF THE 4TH |
---|
Xavier Musketeers batting - Pitching for Oregon Ducks : RHP Wally O'Dowling | Batting: LHB Jorge González | 0-0: Ball 1-0: Called Strike 1-1: Foul Ball, location: 2F 1-2: Fly out, F8 (Flyball, 8LD) | Batting: LHB Duncan Sharp | 0-0: Called Strike 0-1: Swinging Strike 0-2: Ball 1-2: Foul Ball, location: 2F 1-2: Strikes out swinging | Batting: RHB Curt Lloyd | 0-0: Called Strike 0-1: Fly out, F8 (Flyball, 8RM) | Top of the 4th over - 0 runs, 0 hits, 0 errors, 0 left on base; Xavier 1 - Oregon 2 | BOTTOM OF THE 4TH |
---|
Oregon Ducks batting - Pitching for Xavier Musketeers : LHP Doug Davis | Batting: RHB Ed Hines | 0-0: Foul Ball, location: 2F 0-1: Swinging Strike 0-2: Ball 1-2: Ball 2-2: Foul Ball, location: 2F 2-2: Strikes out swinging | Batting: RHB Greg Huggins | 0-0: Ball 1-0: Ball 2-0: Called Strike 2-1: Fly out, F9 (Flyball, 9LS) | Batting: RHB Tim Smith | 0-0: Ball 1-0: Foul Ball, location: 2F 1-1: Ball 2-1: Ball 3-1: Foul Ball, location: 2F 3-2: Foul Ball, location: 2F 3-2: Base on Balls | Batting: LHB Kay Hennessey | 0-0: Ball 1-0: Ball 2-0: Foul Ball, location: 2F 2-1: Ball 3-1: Called Strike 3-2: Fly out, F3 (Popup, 3D) | Bottom of the 4th over - 0 runs, 0 hits, 0 errors, 1 left on base; Xavier 1 - Oregon 2 | TOP OF THE 5TH |
---|
Xavier Musketeers batting - Pitching for Oregon Ducks : RHP Wally O'Dowling | Batting: LHB Johnny Beach | 0-0: SINGLE (Line Drive, 89S) | Batting: RHB Dillon Farley | 0-0: Foul Ball, location: 2F 0-1: Reached on error, E3 (Groundball, 34S) Johnny Beach to second | Batting: LHB Bobby Ryan | 0-0: Ball 1-0: Ball 2-0: Foul Ball, location: 2F 2-1: Ball 3-1: SINGLE (Line Drive, 6MD) Johnny Beach to third Dillon Farley to second | Batting: SHB Orlando Lópes | 0-0: Ball 1-0: GRAND SLAM HOME RUN (Flyball, 9D), Distance : 350 ft | Batting: RHB Edmund Kline | 0-0: Called Strike 0-1: Ball 1-1: Called Strike 1-2: Strikes out swinging | Batting: RHB Floyd Reynolds | 0-0: Foul Ball, location: 2F 0-1: Ball 1-1: Called Strike 1-2: SOLO HOME RUN (Flyball, 9LD), Distance : 316 ft | Pitching: RHP Dave Bryant | | Batting: LHB Jorge González | 0-0: Ball 1-0: Ground out 5-3 (Groundball, 5) | Batting: LHB Duncan Sharp | 0-0: SINGLE (Line Drive, 7LS) | Batting: RHB Curt Lloyd | 0-0: Ball 1-0: Fly out, F9 (Flyball, 9) | Top of the 5th over - 5 runs, 5 hits, 1 error, 1 left on base; Xavier 6 - Oregon 2 | BOTTOM OF THE 5TH |
---|
Oregon Ducks batting - Pitching for Xavier Musketeers : LHP Doug Davis | Batting: LHB Jerry López | 0-0: Ball 1-0: Swinging Strike 1-1: Ground out 4-3 (Groundball, 4M) | Batting: RHB Floyd Turner | 0-0: Swinging Strike 0-1: SINGLE (Flyball, 8LS) | Batting: RHB Robin Mitchell | 0-0: Ball 1-0: Ball Floyd Turner steals 2nd base 2-0: Ball 3-0: Called Strike 3-1: Foul Ball, location: 2F 3-2: Strikes out looking | Pitching: RHP Bob Taylor | | Batting: RHB Jason Wheeler | 0-0: Called Strike 0-1: Called Strike 0-2: Ball 1-2: Ball 2-2: Ball 3-2: Base on Balls | Batting: SHB Martin Goodwin | 0-0: Foul Ball, location: 2F 0-1: Ground out U3 (Groundball, 3L) | Bottom of the 5th over - 0 runs, 1 hit, 0 errors, 2 left on base; Xavier 6 - Oregon 2 | TOP OF THE 6TH |
---|
Xavier Musketeers batting - Pitching for Oregon Ducks : RHP Dave Bryant | Batting: LHB Johnny Beach | 0-0: Foul Ball, location: 2F 0-1: Ball 1-1: Foul Ball, location: 2F 1-2: Ball 2-2: Strikes out looking | Batting: RHB Dillon Farley | 0-0: SINGLE (Line Drive, 4) | Batting: LHB Bobby Ryan | 0-0: Ball 1-0: Swinging Strike 1-1: Foul Ball, location: 2F 1-2: Foul Ball, location: 2F 1-2: Foul Ball, location: 2F 1-2: Ball Dillon Farley is caught stealing 2nd base 2-2: Ball 3-2: Foul Ball, location: 2F 3-2: Fly out, F5 (Line Drive, 5S) | Top of the 6th over - 0 runs, 1 hit, 0 errors, 0 left on base; Xavier 6 - Oregon 2 | BOTTOM OF THE 6TH |
---|
Oregon Ducks batting - Pitching for Xavier Musketeers : RHP Bob Taylor | Batting: RHB Ed Hines | 0-0: Fly out, F9 (Line Drive, 9) | Batting: RHB Greg Huggins | 0-0: Ball 1-0: Ball 2-0: Foul Ball, location: 2F 2-1: Fly out, F1 (Popup, P) | Batting: RHB Tim Smith | 0-0: Called Strike 0-1: Swinging Strike 0-2: Foul Ball, location: 2F 0-2: Ground out 6-3 (Groundball, 6M) | Bottom of the 6th over - 0 runs, 0 hits, 0 errors, 0 left on base; Xavier 6 - Oregon 2 | TOP OF THE 7TH |
---|
Xavier Musketeers batting - Pitching for Oregon Ducks : RHP Dave Bryant | Batting: SHB Orlando Lópes | 0-0: Ball 1-0: SINGLE (Line Drive, 78M) | Batting: RHB Edmund Kline | 0-0: Ball 1-0: Ball 2-0: Called Strike 2-1: Ball 3-1: Base on Balls Orlando Lópes to second | Batting: RHB Floyd Reynolds | 0-0: Ball 1-0: Called Strike 1-1: Fly out, F3 (Popup, 3S) | Batting: LHB Jorge González | 0-0: Swinging Strike 0-1: Ball 1-1: Swinging Strike 1-2: Strikes out looking | Batting: LHB Duncan Sharp | 0-0: Called Strike 0-1: Foul Ball, location: 2F 0-2: Ball 1-2: Foul Ball, location: 2F 1-2: Foul Ball, location: 2F 1-2: Foul Ball, location: 2F 1-2: Ball 2-2: Ball 3-2: Base on Balls Orlando Lópes to third Edmund Kline to second | Batting: RHB Curt Lloyd | 0-0: Ball 1-0: Foul Ball, location: 2F 1-1: Ball Wild Pitch! Orlando Lópes scores Edmund Kline to third Duncan Sharp to second 2-1: Ball 3-1: Called Strike 3-2: Ground out 6-3 (Groundball, 6) | Top of the 7th over - 1 run, 1 hit, 0 errors, 2 left on base; Xavier 7 - Oregon 2 | BOTTOM OF THE 7TH |
---|
Oregon Ducks batting - Pitching for Xavier Musketeers : RHP Bob Taylor | Batting: LHB Kay Hennessey | 0-0: Ground out U3 (Groundball, 34S) | Batting: LHB Jerry López | 0-0: Called Strike 0-1: Ball 1-1: Foul Ball, location: 2F 1-2: Strikes out looking | Batting: RHB Floyd Turner | 0-0: Ground out U3 (Groundball, 3L) | Bottom of the 7th over - 0 runs, 0 hits, 0 errors, 0 left on base; Xavier 7 - Oregon 2 | TOP OF THE 8TH |
---|
Xavier Musketeers batting - Pitching for Oregon Ducks : RHP Dave Bryant | Batting: LHB Johnny Beach | 0-0: Fly out, F3 (Line Drive, 3) | Batting: RHB Dillon Farley | 0-0: Called Strike 0-1: Foul Ball, location: 2F 0-2: Ball 1-2: Foul Ball, location: 2F 1-2: Foul Ball, location: 2F 1-2: Ball 2-2: Strikes out swinging | Batting: LHB Bobby Ryan | 0-0: Called Strike 0-1: Called Strike 0-2: Foul Ball, location: 2F 0-2: Strikes out swinging | Top of the 8th over - 0 runs, 0 hits, 0 errors, 0 left on base; Xavier 7 - Oregon 2 | BOTTOM OF THE 8TH |
---|
Oregon Ducks batting - Pitching for Xavier Musketeers : RHP Bob Taylor | Batting: RHB Robin Mitchell | 0-0: Ball 1-0: Ball 2-0: Swinging Strike 2-1: SOLO HOME RUN (Flyball, 7D), Distance : 369 ft | Batting: RHB Jason Wheeler | 0-0: Swinging Strike 0-1: Called Strike 0-2: Ball 1-2: Strikes out swinging | Batting: SHB Martin Goodwin | 0-0: Ball 1-0: Foul Ball, location: 2F 1-1: Ball 2-1: Fly out, F8 (Flyball, 8RM) | Batting: RHB Ed Hines | 0-0: Swinging Strike 0-1: Called Strike 0-2: Strikes out looking | Bottom of the 8th over - 1 run, 1 hit, 0 errors, 0 left on base; Xavier 7 - Oregon 3 | TOP OF THE 9TH |
---|
Xavier Musketeers batting - Pitching for Oregon Ducks : RHP Dave Bryant | Batting: SHB Orlando Lópes | 0-0: Ball 1-0: SINGLE (Line Drive, 8RS) | Pitching: RHP Dave Anderson | | Batting: RHB Edmund Kline | 0-0: Ball 1-0: SINGLE (Line Drive, 56S) Orlando Lópes to second | Batting: RHB Floyd Reynolds | 0-0: Ball 1-0: Ball 2-0: Foul Ball, location: 2F 2-1: Swinging Strike 2-2: Strikes out looking | Batting: LHB Jorge González | 0-0: Ball 1-0: Ball 2-0: Called Strike 2-1: Ball 3-1: Foul Ball, location: 2F 3-2: Strikes out swinging | Batting: LHB Duncan Sharp | 0-0: Called Strike 0-1: Swinging Strike 0-2: Ball 1-2: Foul Ball, location: 2F 1-2: Foul Ball, location: 2F 1-2: Strikes out swinging | Top of the 9th over - 0 runs, 2 hits, 0 errors, 2 left on base; Xavier 7 - Oregon 3 | BOTTOM OF THE 9TH |
---|
Oregon Ducks batting - Pitching for Xavier Musketeers : RHP Bob Taylor | Pitching: RHP Júlio Rodríguez | | Batting: RHB Greg Huggins | 0-0: SINGLE (Line Drive, 6MD) | Batting: RHB Tim Smith | 0-0: Ball 1-0: Swinging Strike 1-1: Ball 2-1: Ball 3-1: Base on Balls Greg Huggins to second | Batting: LHB Kay Hennessey | 0-0: Ball 1-0: Called Strike 1-1: Ball 2-1: Swinging Strike 2-2: Strikes out swinging | Batting: LHB Jerry López | 0-0: Ball 1-0: Fly out, F8 (Flyball, 8LD) | Batting: RHB Floyd Turner | 0-0: Called Strike 0-1: SINGLE (Line Drive, 7S) Greg Huggins to third Tim Smith to second | Batting: RHB Robin Mitchell | 0-0: Ball 1-0: Called Strike 1-1: Ball 2-1: Called Strike 2-2: Ground out 1-3 (Groundball, 13) | Bottom of the 9th over - 0 runs, 2 hits, 0 errors, 3 left on base; Xavier 7 - Oregon 3 | |